[Event "VII Open Internacional Quart de Poblet"]
[Site "Quart de Poblet, Spain"]
[Date "2019.08.06"]
[Round "3.6"]
[White "Gonzalvez Tamarit, Ruben"]
[Black "Nieves Cabanes, Jose Manuel"]
[Result "0-1"]
[TimeControl "90m +30s por jugada"]
[WhiteFideId "32041764"]
[BlackFideId "22245715"]
[WhiteElo "2087"]
[BlackElo "2311"]

1. e4 e6 2. d4 d5 3. Bd3 c5 4. exd5 exd5 5. Nf3 Nc6 6. c3 c4 7. Bc2 Bd6 8. O-O Nge7 9.
b3 b5 10. a4 cxb3 11. Bxb3 b4 12. Re1 O-O 13. c4 dxc4 14. Bxc4 Bg4 15. Bb2 Na5 16. Bd3 Nd5 17. Be4 Bf4 18.
h3 Bh5 19. Qd3 Bg6 20. Bxg6 hxg6 21. Nbd2 Bxd2 22. Nxd2 Rc8 23. Rac1 Nc6 24. Rc5 Nce7 25. Qe4 Rc6 26. Rxc6 Nxc6 27. Nf3 Nce7 28. Ng5 Nf5 29.
Nf3 a5 30. Nd2 Qd7 31. Nb3 Rd8 32. Nc5 Qc7 33. Rc1 Qf4 34. Qxf4 Nxf4 35. Rd1 Nxd4 36. Bxd4 Rxd4 37. Rxd4 Ne2+ 38. Kf1 Nxd4 39. Ke1 Kf8 40. Kd2 Ke7 41. Kd3 Nc6 42.
Kc4 Kd6 43. Nb3 g5 44. Nc5 Ne5+ 45. Kb5 Kd5 46. Nb3 Nc4 47. f3 f5 48. g3 f4 49. gxf4 gxf4 50. h4 g6 51. Ka6 Ne5 52.
Kxa5 Kc4 53. Nd2+ Kd3 54. Kxb4 Kxd2 55. Kc5 Nxf3 56. a5 Ne5 57. a6 Nd7+ 58. Kd6 Nb6 59. Kc7 Na8+ 0-1

[Event "VII Open Internacional Quart de Poblet"]
[Site "Quart de Poblet, Spain"]
[Date "2019.08.06"]
[Round "3.7"]
[White "Ventura Monfort, Javier"]
[Black "Martin Ayala, David"]
[Result "0-1"]
[TimeControl "90m +30s por jugada"]
[WhiteFideId "32023170"]
[BlackFideId "2247216"]
[WhiteElo "1678"]
[BlackElo "2109"]

1. d4 Nf6 2. c4 g6 3. Nc3 Bg7 4. e4 d6 5. f4 O-O 6. Nf3 c5 7.
d5 e6 8.
dxe6 fxe6 9. Bd3 Nh5 10. f5 exf5 11.
O-O f4 12. Bc2 Nc6 13. Qd5+ Kh8 14. a3 Nd4 15. Ba4 Be6 16. Qxb7 Rf7 17. Qa6 Bc8 18. Ng5 Rf8 19. Ne6 Bxe6 20.
Bd1 f3 21. Be3 Rb8 22. Rb1 Rb6 23. Qa4 Bd7 24. Qxa7 Nc6 25. Qa4 Bxc3 26. bxc3 Rxb1 27. Qc2 fxg2 28. Rxf8+ Qxf8 29. Kxg2 Bh3+ 30. Kxh3 Qf1+ 31. Kg4 Ne5+ 32. Kg5 Qf6+ 0-1

[Event "VII Open Internacional Quart de Poblet"]
[Site "Quart de Poblet, Spain"]
[Date "2019.08.06"]
[Round "3.8"]
[White "Galvan, Jesus"]
[Black "Moronta Furio, Diego"]
[Result "1-0"]
[TimeControl "90m +30s por jugada"]
[WhiteFideId "3800458"]
[BlackFideId "22227024"]
[WhiteElo "2220"]
[BlackElo "1835"]

1. d4 Nf6 2. c4 c5 3. d5 e6 4. Nc3 exd5 5. cxd5 d6 6. e4 g6 7. f4 Bg7 8. Bb5+ Nfd7 9. a4 O-O 10.
Nf3 Na6 11. O-O Nb4 12. Re1 a6 13. Bf1 Re8 14. a5 Nf6 15. h3 Nh5 16. Kh2 Bh6 17. g3 b5 18. axb6 Qxb6 19. Be3 Bb7 20.
Qd2 Rad8 21. g4 Bxf4+ 22. Bxf4 Nxf4 23. Qxf4 Nc2 24. Qd2 Nxa1 25. Rxa1 Rb8 26. Bc4 Bc8 27. b3 Qc7 28. Rf1 Bd7 29. e5 dxe5 30. d6 {Bandera} 1-0

[Event "VII Open Internacional Quart de Poblet"]
[Site "Quart de Poblet, Spain"]
[Date "2019.08.06"]
[Round "3.9"]
[White "Candel Ribarrocha, Rafael"]
[Black "Villarreal Tomas, Andrea"]
[Result "0-1"]
[TimeControl "90m +30s por jugada"]
[WhiteFideId "24510351"]
[BlackFideId "24580392"]
[WhiteElo "1009"]
[BlackElo "1228"]

1. d4 Nf6 2. c4 c5 3. d5 b5 4. b3 g6 5. Bb2 Bg7 6. Nc3 bxc4 7. bxc4 Qb6 8. Qb3 Na6 9. Na4 Qb7 10.
Nc3 Rb8 11. Qb5 O-O 12. Na4 d6 13. a3 Bd7 14. Qxb7 Rxb7 15. Bxf6 Bxf6 16. Nb2 Rxb2 17. e4 Bc3+ 18. Kd1 Ba4+ 19. Kc1 Rc2+ 20. Kb1 Rb8# 0-1

[Event "VII Open Internacional Quart de Poblet"]
[Site "Quart de Poblet, Spain"]
[Date "2019.08.07"]
[Round "4.1"]
[White "Chernikov, Vladimir"]
[Black "Cruz Lledo, Pablo"]
[Result "1/2-1/2"]
[TimeControl "90m +30s por jugada"]
[WhiteFideId "14112914"]
[BlackFideId "2297361"]
[WhiteElo "2315"]
[BlackElo "2445"]

1. c4 e6 2. Nf3 d5 3. e3 Nf6 4. b3 c5 5. Bb2 Nc6 6. cxd5 Nxd5 7. Be2 Nf6 8. O-O Be7 9. d4 O-O 10.
dxc5 Qxd1 11. Rxd1 Bxc5 12. Nc3 Bd7 13. Na4 Be7 14. Nc5 Bxc5 15. Bxf6 gxf6 16. Rxd7 Rab8 17. Rad1 Rfd8 18. Rxd8+ Rxd8 19. Rxd8+ Nxd8 20.
Ne1 Kf8 21. Bd3 f5 22. Kf1 Nc6 23. Ke2 Ke7 24. Nf3 Kf6 25. e4 Nd4+ 26. Nxd4 Bxd4 27. exf5 exf5 28. g4 fxg4 29. Bxh7 Be5 30.
Be4 b6 31. f3 gxf3+ 32. Kxf3 Bxh2 33. a4 Ke5 34. Bd3 f5 35. Bc4 f4 36. Bg8 Bg3 1/2-1/2

[Event "VII Open Internacional Quart de Poblet"]
[Site "Quart de Poblet, Spain"]
[Date "2019.08.07"]
[Round "4.2"]
[White "Nieves Cabanes, Jose Manuel"]
[Black "Gavarrete, Nahun"]
[Result "1/2-1/2"]
[TimeControl "90m +30s por jugada"]
[WhiteFideId "22245715"]
[BlackFideId "8400709"]
[WhiteElo "2311"]
[BlackElo "2349"]

1. Nf3 Nf6 2. c4 g6 3. b3 Bg7 4. Bb2 c5 5. g3 O-O 6.
Bg2 Nc6 7. O-O d6 8. d4 cxd4 9. Nxd4 Bd7 10. Nc2 a6 11. Nc3 Rb8 12. Nd5 Nxd5 13. Bxg7 Kxg7 14. cxd5 Ne5 15. Qd4 f6 16. f4 Nf7 17. e4 Rc8 18.
Ne3 Qa5 19. Nc4 Qb4 20. Qe3 Bb5 21. a3 Qc5 22. Rfc1 Bxc4 23. Qxc5 Rxc5 24. bxc4 Rfc8 25. Rcb1 Rxc4 26. Rxb7 Kf8 27.
Bf1 Rd4 28. Bxa6 Rc3 29. Rb4 Rd2 30. a4 Nh6 31. Rc4 Rb3 32. Bc8 f5 33. Rac1 Rbb2 34. h3 Rg2+ 35. Kf1 Rh2 36. Kg1 Rbg2+ 37. Kf1 Ra2 38. Kg1 Rxh3 39. R1c2 Rxc2 40. Rxc2 Rxg3+ 41. Kf2 Ra3 42. exf5 Nxf5 43. Bd7 Ne3 44. Rc8+ Kg7 45. Bc6 Nc2 46. Re8 Kf7 47. Rh8 Nb4 48. Rxh7+ Kf6 49. Be8 Nd3+ 1/2-1/2

[Event "VII Open Internacional Quart de Poblet"]
[Site "Quart de Poblet, Spain"]
[Date "2019.08.07"]
[Round "4.3"]
[White "Castella Garcia, Fausto"]
[Black "Kovacevic, Slobodan"]
[Result "1-0"]
[TimeControl "90m +30s por jugada"]
[WhiteFideId "3501922"]
[BlackFideId "902152"]
[WhiteElo "2315"]
[BlackElo "2252"]

1. e4 c5 2. Nf3 e6 3. Nc3 a6 4. d4 cxd4 5. Nxd4 Qc7 6. Qf3 Nf6 7. Bg5 Be7 8. O-O-O d6 9. Qg3 Nbd7 10. h4 Nh5 11. Qh2 Nhf6 12.
f3 h6 13. Be3 Ne5 14. g4 Bd7 15. Qg2 O-O-O 16. g5 hxg5 17. hxg5 Rxh1 18. Qxh1 Ne8 19. Qg1 Nc4 20. Bxc4 Qxc4 21.
Nb3 Kb8 22. Bb6 g6 23. Bxd8 Bxd8 24. f4 Qc6 25. Qd4 Bb6 26. Qd3 Qc7 27. Kb1 Bc6 28. f5 Qe7 29. fxg6 fxg6 30. e5 dxe5 31. Qxg6 Be3 32. Na5 Bg2 33. Qd3 Bxg5 34. Qg3 Bd5 35. Qxe5+ Nc7 36. Rg1 Qc5 37. Qxg5 Qxa5 38. Qd8+ Ka7 39. Rg7 Bxa2+ 40. Nxa2 Qe1+ 41. Nc1 Nd5 42. Qc8 Qb4 43. Nd3 Qb6 44. Nc5 Nc3+ 45. Kc1 Ne2+ 46. Kd2 Qd6+ 47. Nd3 Qd5 48. Qc5+ 1-0

[Event "VII Open Internacional Quart de Poblet"]
[Site "Quart de Poblet, Spain"]
[Date "2019.08.07"]
[Round "4.4"]
[White "Navarro Diaz, Carles"]
[Black "Galvan, Jesus"]
[Result "1-0"]
[TimeControl "90m +30s por jugada"]
[BlackFideId "3800458"]
[WhiteElo "2067"]
[BlackElo "2220"]

1. e4 Nc6 2. Nf3 d6 3. d4 Nf6 4.
Nc3 Bg4 5. Be3 e5 6. Bb5 Nd7 7. Bxc6 bxc6 8. h3 exd4 9. Bxd4 Bxf3 10. Qxf3 c5 11. Be3 g6 12. h4 h5 13. Bg5 Be7 14. Nd5 Bxg5 15. hxg5 c6 16.
Nf6+ Nxf6 17. gxf6 Qa5+ 18. c3 O-O-O 19. O-O Rhe8 20. b4 cxb4 21. cxb4 Qe5 22. Qa3 Kb7 23. b5 cxb5 24. Qb3 Kb8 25.
Rfe1 Rd7 26. Rad1 Rb7 27. Rd5 Qe6 28. Qb4 Ka8 29. Rxb5 Reb8 30. Rxb7 Rxb7 31. Qc3 Kb8 32. Rc1 a6 33. Qa5 Qxf6 34. Qxa6 Qf4 35. Rd1 Rb2 36.
Qxd6+ Qxd6 37. Rxd6 Kc7 38. Rf6 Kd7 39. Rxf7+ Ke6 40. Ra7 Ke5 41. f3 Kf4 42. Kh2 g5 43. Rf7+ Ke3 44. a4 Kf2 45. Rf5 Rb1 46. Rxg5 h4 47. a5 Rg1 48. a6 h3 49.
Kxh3 Rh1+ 50. Kg4 Kxg2 51. Ra5 1-0

[Event "VII Open Internacional Quart de Poblet"]
[Site "Quart de Poblet, Spain"]
[Date "2019.08.07"]
[Round "4.5"]
[White "Hassomal Daswani, Birjkumar"]
[Black "Carbonell Sancho, Marc"]
[Result "1/2-1/2"]
[TimeControl "90m +30s por jugada"]
[WhiteFideId "2224356"]
[BlackFideId "32029969"]
[WhiteElo "1969"]
[BlackElo "2187"]

1. e4 c5 2. Nf3 Nc6 3. d4 cxd4 4. Nxd4 g6 5. c4 Bg7 6.
Be3 Nf6 7. Nc3 O-O 8. Be2 d6 9. Nc2 Be6 10.
O-O Rc8 11. Qd2 Na5 12. b3 a6 13. Rac1 Bd7 14. f3 Be6 15. Na4 Nd7 16. f4 Nc5 17. Nxc5 dxc5 18. f5 Bd7 19. Rcd1 Bc6 20.
Qe1 Qc7 21. Bf4 Be5 22. Bxe5 Qxe5 23. Bf3 b6 24. Ne3 Nb7 25. Ng4 Qg7 26. Qh4 g5 27. Qg3 h5 28. f6 exf6 29. Ne3 Qg6 30.
Nf5 Rfe8 31. h3 Re5 32. Qxe5 fxe5 33. Ne7+ Kg7 34. Nxg6 Kxg6 35. Rd2 Re8 36. Rfd1 Re6 37. Kf2 Rf6 38. Ke3 Re6 39. Rd3 Kh6 40.
R1d2 Kg6 41. a3 a5 42. b4 f6 43. b5 Be8 44. Rd5 Re7 45. Be2 Kg7 46. a4 1/2-1/2

[Event "VII Open Internacional Quart de Poblet"]
[Site "Quart de Poblet, Spain"]
[Date "2019.08.07"]
[Round "4.6"]
[White "Baeza Garcia, Agustin"]
[Black "Gonzalez Aguirre, Luis"]
[Result "0-1"]
[TimeControl "90m +30s por jugada"]
[WhiteFideId "2298449"]
[BlackFideId "2202000"]
[WhiteElo "1761"]
[BlackElo "2112"]

1. d4 d5 2. Nf3 Nf6 3. c4 e6 4. Nc3 Bb4 5. cxd5 exd5 6. Qa4+ Nc6 7. Bg5 O-O 8. e3 h6 9. Bxf6 Qxf6 10.
Be2 Be6 11. O-O a6 12. Rfc1 Bd6 13. Qd1 Ne7 14. Na4 b6 15. Qf1 Bc8 16. b4 Ng6 17. Nc3 Bb7 18. Rab1 Qe7 19. b5 a5 20.
Bd3 f5 21. Ne2 Qf6 22. g3 Rae8 23. Qg2 Bc8 24. Nf4 Ne7 25. h4 g5 26. Ne2 Rf7 27. Kf1 Rg7 28. hxg5 hxg5 29. Ke1 f4 30.
exf4 gxf4 31. Kd2 Bf5 32. Rh1 Bxd3 33. Kxd3 Qg6+ 34. Kc3 fxg3 35. Nxg3 Nf5 36. Qh3 Nxg3 37. fxg3 Re3+ 38. Kb2 Rxf3 39.
Qh8+ Kf7 40. Rbe1 Be7 41. Rh6 Rf2+ 42.
Ka1 Qxg3 43. Rh3 Qg2 44. Rxe7+ Kxe7 45. Re3+ Kd6 46. Qd8+ Rd7 0-1

[Event "VII Open Internacional Quart de Poblet"]
[Site "Quart de Poblet, Spain"]
[Date "2019.08.07"]
[Round "4.7"]
[White "Martin Ayala, David"]
[Black "Serrano Felipe, Rafael"]
[Result "1/2-1/2"]
[TimeControl "90m +30s por jugada"]
[WhiteFideId "2247216"]
[BlackFideId "2252112"]
[WhiteElo "2109"]
[BlackElo "2101"]

1. Nf3 Nf6 2. d4 e6 3. Bg5 c5 4. c3 Qb6 5. Qb3 Nc6 6. Bxf6 gxf6 7. e3 d5 8. Nbd2 f5 9. Bb5 c4 10. Bxc6+ bxc6 11. Qa4 Bd6 12.
b3 Qb5 13. Qxb5 cxb5 14. a4 b4 15. cxb4 c3 16. Nb1 Bxb4 17. Kd1 a5 18. Kc2 Ba6 19. Ne5 Rc8 20. Na3 Rg8 21. g3 Be2 22.
Rhe1 Ba6 23. Nb5 f6 24. Nd3 Kd7 25. Rec1 Rb8 26. Nxc3 Rgc8 27. Kd2 Bxc3+ 28. Rxc3 Rxc3 29. Kxc3 Bxd3 30. Kxd3 Rxb3+ 31. Kc2 Rb4 32. f4 e5 33. Kc3 Ke6 34. Ra2 Kd6 35. Rb2 Rxb2 36.
Kxb2 e4 37. Kc3 Ke7 38. Kd2 Kf7 39.
Ke2 Kg6 40. Kf2 Kg7 41. Kg2 Kg6 42. Kh3 Kh5 43. Kg2 Kg6 44. h3 h5 45. Kh2 Kh6 46. Kg2 Kg6 1/2-1/2

[Event "VII Open Internacional Quart de Poblet"]
[Site "Quart de Poblet, Spain"]
[Date "2019.08.07"]
[Round "4.8"]
[White "Sanchez Saez, Francisco"]
[Black "Gutierrez Marco, Dario"]
[Result "1-0"]
[TimeControl "90m +30s por jugada"]
[WhiteFideId "2231743"]
[BlackFideId "24529125"]
[WhiteElo "2359"]
[BlackElo "1952"]

1. Nf3 d5 2. b3 Nf6 3. Bb2 Bf5 4. g3 e6 5. Bg2 h6 6. d3 Be7 7. O-O O-O 8. Nbd2 Nbd7 9. Re1 c6 10.
e4 dxe4 11. dxe4 Bh7 12. Qe2 Qc7 13. Rad1 Rad8 14. e5 Nd5 15. Ne4 Qa5 16. Nd6 Bxd6 17. exd6 Qxa2 18. c4 N5f6 19. Nd4 Qa5 20.
Ra1 Qb6 21. Red1 a6 22. Bc3 Rc8 23. Ba5 Qa7 24. b4 b6 25. Nxc6 Rxc6 26. Bxc6 bxa5 27. c5 axb4 28. Bxd7 Qxd7 29. Rxa6 Be4 30. Rb6 Rc8 31.
Rxb4 Rxc5 32. Rxe4 Nxe4 33. Qxe4 Rc6 34. Qxc6 1-0

[Event "VII Open Internacional Quart de Poblet"]
[Site "Quart de Poblet, Spain"]
[Date "2019.08.07"]
[Round "4.9"]
[White "Santos Saura, Iobhar"]
[Black "Ulla Centelles, Llorens"]
[Result "0-1"]
[TimeControl "90m +30s por jugada"]
[BlackFideId "24541087"]
[WhiteElo "1644"]
[BlackElo "1273"]

1. e4 e5 2. Nf3 d6 3. d4 exd4 4. Nxd4 Bd7 5. Nc3 Nc6 6. a3 Ne5 7. Be2 Nf6 8. O-O Qc8 9. Bg5 Be7 10.
f3 O-O 11. Qe1 Kh8 12. f4 Ng6 13. f5 Ne5 14. Qh4 a6 15. Nd5 Nxd5 16. exd5 Bxg5 17. Qxg5 f6 18. Qh4 Nf7 19. Rae1 Nh6 20. Ne6 Rg8 21. Rf3 c6 22. Nxg7 Rxg7 23.
Qxh6 Qf8 24. Bc4 Rxg2+ 0-1

[Event "VII Open Internacional Quart de Poblet"]
[Site "Quart de Poblet, Spain"]
[Date "2019.08.08"]
[Round "5.1"]
[White "Cruz Lledo, Pablo"]
[Black "Nieves Cabanes, Jose Manuel"]
[Result "1-0"]
[TimeControl "90m +30s por jugada"]
[WhiteFideId "2297361"]
[BlackFideId "22245715"]
[WhiteElo "2445"]
[BlackElo "2311"]

1. d4 Nf6 2. Nf3 g6 3. c4 Bg7 4. Nc3 d5 5. e3 O-O 6. cxd5 Nxd5 7. Bc4 Nb6 8. Bb3 c5 9. O-O cxd4 10.
Nxd4 N8d7 11. Qe2 Nc5 12. Bc2 a6 13. Rd1 Qc7 14. a4 Ne6 15. a5 Nxd4 16. exd4 Nd7 17. Nd5 Qd6 18. Nxe7+ Kh8 19.
b3 Nf6 20. Ba3 Qe6 21. Qc4 Bd7 22. d5 Qg4 23. Bb2 Qh5 24. Qf4 Qe2 25. Bxf6 Qxc2 26. Qe5 1-0

[Event "VII Open Internacional Quart de Poblet"]
[Site "Quart de Poblet, Spain"]
[Date "2019.08.08"]
[Round "5.2"]
[White "Gavarrete, Nahun"]
[Black "Chernikov, Vladimir"]
[Result "1-0"]
[TimeControl "90m +30s por jugada"]
[WhiteFideId "8400709"]
[BlackFideId "14112914"]
[WhiteElo "2349"]
[BlackElo "2315"]

1. g3 g6 2. Bg2 Bg7 3. Nf3 b6 4.
O-O Bb7 5. c4 c5 6. Nc3 Nf6 7. d4 cxd4 8.
Qxd4 O-O 9. Qh4 Qc8 10. Nd5 Bxd5 11. cxd5 d6 12. Bg5 Qc2 13. a4 Nbd7 14. Nd4 Qxb2 15. Rfb1 Qc3 16. Nc6 Rfe8 17.
Be3 Qc2 18. Kf1 Qf5 19. Bf3 Nxd5 20. Bd4 g5 21. Qe4 Qxe4 22. Bxe4 Bxd4 23. Nxd4 N7f6 24. Bxd5 Nxd5 25. Rb5 e6 26. e4 a6 27. Rb3 Nf6 28.
Rxb6 Nxe4 29. Rc1 Reb8 30. a5 Rxb6 31. axb6 Rb8 32. Rc6 Nf6 33. Rxd6 Nd5 34. b7 Rxb7 35. Rxa6 g4 36. Nc6 Rb1+ 37.
Ke2 Rb2+ 38. Ke1 Nb4 39.
Nxb4 Rxb4 40. Kf1 Kg7 41. Ra7 Kg6 42.
Rc7 h5 43. Rc8 h4 44. gxh4 Rb3 45.
Rg8+ Kf5 46. Kg2 Rh3 47. Rh8 Kf4 48. Rh6 Kf5 49. Rh8 e5 50. Rh5+ Kf4 51. Rh7 f5 52. Rh8 e4 53. Rh7 e3 54. fxe3+ Rxe3 55. Ra7 Re2+ 56. Kg1 Re3 57. Kg2 Rb3 58.
Ra5 Rb2+ 59. Kg1 Rd2 60. Ra4+ Kf3 61. Ra3+ Ke2 62. Ra4 Rd3 63. Kg2 Kd2 64. Rf4 Rd5 65. h5 Ke3 66. Kg3 Ke2 67.
Rf2+ Ke3 68. h6 Rd6 69. Rxf5 Rxh6 70.
Re5+ Kd4 71. Re2 Kd3 72. Ra2 Ke4 73. Kxg4 Ke5 74. Kg5 Rh3 75. Re2+ Kd6 76. Kg4 Rh6 77. h4 Re6 78. Rf2 Ke7 79. Kg5 Re5+ 80. Kg6 Re6+ 81. Kg7 Re5 82. Rh2 Re1 83. Rg2 Re5 84. Rg5 Re2 85. h5 Ra2 86. h6 Ke6 87. h7 Ra7+ 88. Kh6 Ra8 89.
Rg8 1-0

[Event "VII Open Internacional Quart de Poblet"]
[Site "Quart de Poblet, Spain"]
[Date "2019.08.08"]
[Round "5.3"]
[White "Gonzalez Aguirre, Luis"]
[Black "Castella Garcia, Fausto"]
[Result "0-1"]
[TimeControl "90m +30s por jugada"]
[WhiteFideId "2202000"]
[BlackFideId "3501922"]
[WhiteElo "2112"]
[BlackElo "2315"]

1. Nf3 g6 2. d4 Nf6 3. g3 Bg7 4. Bg2 c5 5. c4 cxd4 6. Nxd4 Nc6 7. Nc3 O-O 8. O-O Qa5 9. e3 d6 10. h3 Bd7 11. Bd2 Qc5 12. Nxc6 bxc6 13. b3 Rac8 14. Rc1 Qb6 15. c5 Qa6 16.
cxd6 exd6 17. e4 Rfd8 18. Be3 c5 19. Qd2 Bc6 20. Rfd1 Qb7 21. Qc2 Rd7 22. Rd2 Re8 23.
Rcd1 Nxe4 24. Nxe4 Bxe4 25. Bxe4 Rxe4 26. Rxd6 Rxd6 27. Rxd6 Bd4 28. Rd8+ Kg7 29. Qd2 Bxe3 30. fxe3 Qe7 31. Qd6 Rxe3 32. Qxe7 Rxe7 33. Rc8 Re2 34. a4 Re3 35. Kf2 Rxb3 36. Rxc5 Rb6 37. Ra5 a6 38. g4 h6 39. Ke3 Kf6 40. h4 Ke6 41. Ke4 Kd6 42. h5 Kc7 43.
hxg6 fxg6 44. Ke5 Rb4 45. g5 Kb6 46. Rd5 hxg5 47. a5+ Kc7 48. Kf6 Rb5 49. Rd2 Rxa5 50. Kxg6 Rb5 0-1

[Event "VII Open Internacional Quart de Poblet"]
[Site "Quart de Poblet, Spain"]
[Date "2019.08.08"]
[Round "5.4"]
[White "Sanchez Saez, Francisco"]
[Black "Navarro Diaz, Carles"]
[Result "1-0"]
[TimeControl "90m +30s por jugada"]
[WhiteFideId "2231743"]
[WhiteElo "2359"]
[BlackElo "2067"]

1. e4 c5 2. d4 cxd4 3. c3 d3 4. Bxd3 d6 5. h3 Nf6 6. c4 e6 7. Nc3 Be7 8. Nf3 O-O 9. Be3 Nbd7 10.
O-O Nc5 11. Bc2 a5 12. a3 Bd7 13. b4 axb4 14. axb4 Rxa1 15. Qxa1 Na6 16. b5 Nb4 17. Bb3 Qc7 18. Rd1 Rc8 19.
Qa7 d5 20. e5 Ne8 21. b6 Qd8 22. cxd5 Rxc3 23. dxe6 Rxb3 24. exd7 Nc7 25. bxc7 Qxc7 26. Bb6 1-0

[Event "VII Open Internacional Quart de Poblet"]
[Site "Quart de Poblet, Spain"]
[Date "2019.08.08"]
[Round "5.5"]
[White "Kovacevic, Slobodan"]
[Black "Hernandez Lopez, Alberto"]
[Result "1-0"]
[TimeControl "90m +30s por jugada"]
[WhiteFideId "902152"]
[BlackFideId "24575208"]
[WhiteElo "2252"]
[BlackElo "2044"]

1. d4 Nf6 2. Nf3 g6 3. Bg5 Bg7 4. Nbd2 d5 5. c3 O-O 6. e3 Bf5 7. Qb3 Nbd7 8. Be2 h6 9. Bh4 Qc8 10.
O-O c5 11. c4 Be6 12. Rac1 b6 13. Qa3 a5 14. cxd5 Nxd5 15. Bb5 g5 16. Bg3 Nb4 17. Nc4 Qb7 18. Rfd1 g4 19. Bxd7 Bxd7 20.
Nfe5 Bc6 21. Nxc6 Qxc6 22. dxc5 Qxc5 23. Ne5 Qb5 24. Nc4 Rac8 25. b3 Rfd8 26. Rxd8+ Rxd8 27. Bc7 Rc8 28. Bg3 Rd8 29.
Bc7 Rc8 30. Nxb6 Rxc7 31. Rxc7 Qxb6 32. Rc8+ Kh7 33. Qc1 Qe6 34. a3 Nd5 35. Qc2+ f5 36. Rc5 Qe5 37. g3 e6 38. Rxa5 Qa1+ 39. Kg2 h5 40. Rxd5 exd5 41. Qxf5+ Kh6 42. Qe6+ Kh7 43. Qxd5 Kg6 44. a4 Bc3 45. Qe6+ Kg5 46. h4+ gxh3+ 47. Qxh3 Qd1 48. Qh4+ Kg6 49. Qe4+ Kg7 50. Qe7+ Kg6 51. Qe4+ Kg7 52. a5 Qd6 53. Qb7+ Kg6 54. a6 Be1 55.
Qe4+ Kg7 56. Qd4+ 1-0

[Event "VII Open Internacional Quart de Poblet"]
[Site "Quart de Poblet, Spain"]
[Date "2019.08.08"]
[Round "5.6"]
[White "Gonzalvez Tamarit, Ruben"]
[Black "Davtyan, David Arm"]
[Result "0-1"]
[TimeControl "90m +30s por jugada"]
[WhiteFideId "32041764"]
[WhiteElo "2087"]
[BlackElo "2249"]

1. e4 c5 2. Nc3 Nc6 3.
Bb5 g6 4. Bxc6 dxc6 5. Nge2 Bg7 6.
d3 Nf6 7. h3 Nd7 8. Be3 e5 9. Qd2 h6 10. O-O b6 11. a4 a5 12. f4 exf4 13. Bxf4 Ne5 14. Rf2 Be6 15. Raf1 Qd7 16.
b3 O-O-O 17. Bh2 g5 18. Ng3 Ng6 19. Nce2 Be5 20. Nf5 Qc7 21. Bxe5 Qxe5 22. Qc3 Qxc3 23. Nxc3 Ne5 24. Ng7 Kd7 25.
Ne2 Rdg8 26. Nh5 Rb8 27. d4 cxd4 28. Nxd4 c5 29. Nxe6 fxe6 30. Rf6 Rbc8 31. c4 Ke7 32. Ng7 Rc6 33. Nh5 Rd6 34. Ng7 Rh7 35.
Nh5 Rd3 36. Rf8 Rf7 37. R8xf7+ Nxf7 38. Nf6 Ne5 39. Ng8+ Kd6 40. Nxh6 Rxb3 41. Rd1+ Kc6 42. Rd8 Nxc4 43.
Nf7 b5 44. axb5+ Kxb5 45. Nxg5 a4 46. Nxe6 a3 47. Rb8+ Nb6 48. Nc7+ Kc6 49. Nd5 a2 0-1

[Event "VII Open Internacional Quart de Poblet"]
[Site "Quart de Poblet, Spain"]
[Date "2019.08.08"]
[Round "5.7"]
[White "Carbonell Sancho, Marc"]
[Black "Martinez Villena, David"]
[Result "0-1"]
[TimeControl "90m +30s por jugada"]
[WhiteFideId "32029969"]
[BlackFideId "2284022"]
[WhiteElo "2187"]
[BlackElo "2006"]

1. e4 c5 2. Nf3 d6 3. d4 cxd4 4. Nxd4 Nf6 5. Nc3 a6 6. Bc4 e6 7. Bb3 Nbd7 8. Bg5 Nc5 9. O-O Be7 10. Re1 h6 11. Bh4 Nxb3 12. axb3 g5 13.
Bg3 e5 14. Nde2 h5 15. f3 h4 16. Bf2 g4 17. f4 g3 18. hxg3 h3 19. f5 Ng4 20. gxh3 Rxh3 21. Rf1 Kd7 22.
Qd3 Qh8 23. Qf3 Nh2 24. Qg2 b5 25. Nd5 Bd8 26. Rad1 Bb7 27. Nec3 Bc7 28. b4 Ng4 29. Ne3 Nxe3 30. Bxe3 Rg8 31. Rf3 Qh5 32. Rd2 Qg4 33.
Bf2 Rgh8 34. Re3 Qh5 35. Kf1 Rh1+ 36. Bg1 Bb6 37. Rde2 Bxe3 38. Rxe3 Qg4 39. Kf2 R8h7 40. Rd3 Ke7 41. Re3 R1h5 42. Qf1 Rh3 43. Qg2 R7h5 44.
Qf1 Rg5 45. f6+ Kd7 46. Qg2 Rg6 47. Rd3 Rxf6+ 48. Ke1 Rg6 49. Bf2 Rgh6 50. Bg1 Rh1 51. Kf2 Qg5 52. Rf3 Ke7 53. Rf5 Qd2+ 54. Ne2 R1h5 55. Rxh5 Rxh5 56. g4 Rh6 57. Kg3 Qxc2 58. Be3 Bxe4 59. Qf2 Rf6 60. Bg5 Qd3+ 61. Kh4 Qf3 62. Qa7+ Ke6 63. Ng3 Qf2 64. Qxf2 Rxf2 65. Nxe4 Rxb2 66. Bd2 f5 67. gxf5+ Kxf5 68. Nxd6+ Ke6 69. Ne4 Kd5 70. Bc3 Rc2 71. Nf6+ Ke6 72. Ne4 Kf5 73. Ng3+ Kf4 74.
Nh5+ Ke4 75. Be1 Kf3 76. Kh3 e4 77. Ng3 Rc1 78. Bd2 Rg1 79.
Bf4 e3 0-1

[Event "VII Open Internacional Quart de Poblet"]
[Site "Quart de Poblet, Spain"]
[Date "2019.08.08"]
[Round "5.8"]
[White "Galvan Cipriani, Viviana"]
[Black "Martin Ayala, David"]
[Result "1-0"]
[TimeControl "90m +30s por jugada"]
[WhiteFideId "32041144"]
[BlackFideId "2247216"]
[WhiteElo "1941"]
[BlackElo "2109"]

1. c4 Nf6 2. Nc3 g6 3. g3 Bg7 4. Bg2 O-O 5. e4 e5 6. Nge2 d6 7. O-O c6 8. d4 exd4 9. Nxd4 Bg4 10. f3 Bc8 11. Be3 Qe7 12. Nde2 Be6 13. b3 Na6 14. Qd2 Rfd8 15. Rad1 d5 16. cxd5 cxd5 17. e5 Nd7 18.
f4 Nb6 19. Nd4 Bg4 20. Rde1 f6 21. h3 fxe5 22. fxe5 Qxe5 23. hxg4 Qxg3 24. Bf4 Qxg4 25. Ne6 Rd7 26. Nxg7 Kxg7 27.
Be5+ Kg8 28. Rf4 Qe6 29. Bf6 Qc6 30. Bh3 Rd6 31. Be7 Nc5 32. Qf2 Nd3 33. Rf8+ Kg7 34. Qd4+ Kh6 35. Qh4+ Kg7 36.
Rf7+ 1-0

[Event "VII Open Internacional Quart de Poblet"]
[Site "Quart de Poblet, Spain"]
[Date "2019.08.08"]
[Round "5.9"]
[White "Cebolla Ruiz, Anna"]
[Black "Marques Montolio, Luis"]
[Result "0-1"]
[TimeControl "90m +30s por jugada"]
[WhiteFideId "54532183"]
[BlackFideId "22244450"]
[WhiteElo "1209"]
[BlackElo "1632"]

1. d4 d5 2. c4 c6 3. Nc3 Nf6 4. Nf3 a6 5. Bg5 dxc4 6. a4 Nd5 7. e4 Nxc3 8. bxc3 b5 9. d5 Bb7 10.
dxc6 Bxc6 11. Qxd8+ Kxd8 12. Ne5 Bxe4 13. Nxf7+ Ke8 14. Nxh8 Bc6 15. axb5 Bxb5 16. Rd1 g6 17. Kd2 Nc6 18.
g3 Ne5 19. Bg2 Ra7 20. Bf4 Nd3 21. Ke3 Bg7 22. Nxg6 hxg6 23. Be4 Kf7 24. Bxd3 cxd3 25. Rc1 Rd7 26. Rhd1 Bc4 27. Kd2 a5 28.
Ra1 Bb3 29. Re1 a4 30. Ra3 Rd5 31. c4 Rd4 32. Rc1 Bc2 33. Rc3 Re4 34. R3xc2 dxc2 35. Rxc2 a3 36. c5 Bb2 37. c6 Rd4+ 38.
Ke2 a2 39. c7 a1=Q 40. c8=Q Qd1+ 41. Ke3 Qd3# 0-1

[Event "VII Open Internacional Quart de Poblet"]
[Site "Quart de Poblet, Spain"]
[Date "2019.08.09"]
[Round "6.1"]
[White "Castella Garcia, Fausto"]
[Black "Cruz Lledo, Pablo"]
[Result "0-1"]
[TimeControl "90m +30s por jugada"]
[WhiteFideId "3501922"]
[BlackFideId "2297361"]
[WhiteElo "2315"]
[BlackElo "2445"]

1. e4 c6 2. Nc3 d5 3. Nf3 g6 4. d4 Bg7 5. h3 Nh6 6. exd5 cxd5 7. Bb5+ Nc6 8. Ne5 Bd7 9. Bxc6 Bxc6 10.
Bxh6 Bxh6 11. Nxc6 bxc6 12. Na4 O-O 13.
O-O Qd6 14. c3 e5 15. dxe5 Qxe5 16. Nc5 Rfe8 17. Re1 Qd6 18. Nd3 Re4 19. Rxe4 dxe4 20. Nb4 Rd8 21. Qe2 c5 22. Nc2 Qb6 23. Na3 Rd2 24. Qxe4 Qxb2 25. Rb1 Qxc3 26. Nc4 Rd8 27.
Qh4 Qd4 28. Qxh6 Qxc4 29. Qg5 Qd4 30. h4 h5 31. g3 Re8 32. Rc1 Re5 33. Qh6 Re2 34. Qf4 Rxa2 35. Qf3 Ra1 0-1